 Dungeon Crawl Stone Soup version 0.20-a0-629-gc37eb77 (webtiles) character file.

6652 Theaset the Spear-Bearer (level 11, -1/72 HPs)
             Began as an Octopode Fighter on Feb 10, 2017.
             Was a Priest of Yredelemnul.
             Slain by a troll (4 damage)
             ... on level 10 of the Dungeon.
             The game lasted 00:18:37 (11341 turns).

Theaset the Spear-Bearer (Octopode Fighter)        Turns: 11341, Time: 00:18:38

Health: -1/72      AC:  1    Str: 15    XL:     11   Next: 3%
Magic:  23/23      EV: 16    Int: 10    God:    Yredelemnul [***...]
Gold:   646        SH: 20    Dex: 16    Spells: 10/10 levels left

rFire    + . .     SeeInvis +   a - +0 trident
rCold    . . .     Gourm    .   b - +5 shield
rNeg     . . .     Faith    .   (helmet restricted)
rPois    .         Spirit   .   x - +4 amulet of reflection
rElec    .         Reflect  +   k - ring of magical power
rCorr    .         Harm     .   l - ring of see invisible
MR       +....                  E - ring of stealth
Stlth    +++.......             (no ring)
Regen    0.3/turn               (no ring)
                                (no ring)
                                (no ring)
                                (no ring)

@: no status effects
A: almost no armour, stealthy swim, amphibious, 8 rings, constrict 8, camouflage
1, fire resistance 1, magic resistance 1, gelatinous body 1, subdued magic 1
a: Recall Undead Slaves, Injury Mirror, Animate Dead, Renounce Religion


You were on level 10 of the Dungeon.
You worshipped Yredelemnul.
Yredelemnul was most pleased with you.
You were not hungry.

You visited 3 branches of the dungeon, and saw 13 of its levels.

You collected 646 gold pieces.

Inventory:

Hand Weapons
 a - a +0 trident (weapon)
Armour
 b - a +5 shield (worn)
Jewellery
 k - a ring of magical power (left tentacle)
 l - a ring of see invisible (right tentacle)
 n - an uncursed ring of ice
 x - a +4 amulet of reflection (around mantle)
 z - an uncursed amulet of harm {unknown}
 E - a ring of stealth (on tentacle)
Wands
 p - a wand of digging (4/24)
 q - a wand of lightning (7/15)
 u - a wand of iceblast (7/15)
 F - a wand of lightning (4/15)
Scrolls
 c - 2 scrolls of immolation
 f - 2 scrolls of magic mapping
 i - a scroll of fear
 j - 4 scrolls of remove curse
 m - 5 scrolls of teleportation
 r - 2 scrolls of amnesia
 y - a scroll of noise
 A - 2 scrolls of fog
 C - a scroll of blinking
Potions
 e - 5 potions of curing
 g - 2 potions of lignification
 s - a potion of agility
 w - a potion of haste
 G - 3 potions of brilliance
 H - a potion of mutation
 I - a potion of berserk rage
Books
 h - a book of Minor Magic

   Spells                             Type                      Level
   a - Magic Dart                     Conjuration                  1
   b - Blink                          Translocation                2
   c - Call Imp                       Summoning                    2
   d - Slow                           Hexes                        2
   e - Conjure Flame                  Conjuration/Fire             3
   f - Mephitic Cloud                 Conjuration/Poison/Air       3
Comestibles
 d - 4 bread rations
 t - 10 fruits
 v - 12 royal jellies


   Skills:
 + Level 5.9 Fighting
 * Level 11.8 Polearms
 + Level 6.2 Dodging
 * Level 7.8 Shields
 * Level 4.8 Invocations
 - Level 0.2 Evocations


You had 10 spell levels left.
You didn't know any spells.

Dungeon Overview and Level Annotations

Branches:
Dungeon (11/15)            Temple (1/1) D:5             Orc (1/2) D:9
   Lair: D:8-11

Altars:
Ashenzari
Cheibriados
Dithmenos
Elyvilon
Fedhas
Gozag
Hepliaklqana
Kikubaaqudgha
Makhleb
Nemelex Xobeh
Okawaru
Qazlal
Ru
Sif Muna
Trog
Uskayaw
Vehumet
Xom
Yredelemnul
Zin
The Shining One

Shops:
D:10 }


Innate Abilities, Weirdness & Mutations

You cannot wear most types of armour.
You are very stealthy in the water. (Stealth+)
You are amphibious.
You can wear up to eight rings at the same time.
You can use your tentacles to constrict eight enemies at once.
Your skin changes colour to match your surroundings (Stealth+).
Your rubbery body absorbs attacks. (AC +1, EV +1)
Your flesh is heat resistant. (rF+)
You are resistant to hostile enchantments. (MR+)
Your spells are a little easier to cast, but a little less powerful.


Message History

Unknown command.
You begin recalling your allies.
Your sky beast zombie is recalled.
You finish recalling your allies.
The troll bites your sky beast zombie.
The troll closely misses your sky beast zombie.
The troll claws your sky beast zombie.
Your sky beast zombie hits the troll but does no damage.
The troll bites your sky beast zombie!
The troll closely misses your sky beast zombie.
The troll claws your sky beast zombie!
Your sky beast zombie is destroyed!
You block the troll's attack. x2; The troll claws you!
* * * LOW HITPOINT WARNING * * *
You block the troll's attack. x3
You block the troll's attack. x3
The troll bites you!
* * * LOW HITPOINT WARNING * * *
The troll claws you.
You die...
Your body rises from the dead as a mindless zombie.

####..).###.# ##.......#.#.
###### #.# #.#.......#.# #.#
##.......#.#. #.####
##......###.
#....########......###.
########......[....#......+...
#...T..............#......#.#.
#.#######..........#.......∩..
#.# #......T@......[.....#(#.
#.# #.###....................
#.# #.# ##########.#.........
#.# #.# #.#####..... #.# #.#
#Z##.#...... #.# #.#
#.#..#...... #.# #.#
#Z#..#.#.... #.# #.#
#.#..#Z#.### #.# #.#
#Z#..#Z#.#


You could see a troll.

Vanquished Creatures
  2 hornets (D:9)
  A wyvern (D:9)
  4 yaks (D:10)
  Sigmund (D:6)
  Eustachio (D:5)
  Menkaure (D:7)
  A soldier ant (D:9)
  3 ice beasts
  4 sky beasts
  9 orc warriors
  A black bear (D:9)
  3 ogres
  A phantom (D:7)
  A centaur (D:7)
  A crocodile (D:9)
  A big kobold (D:7)
  4 bullfrogs
  A gnoll sergeant (D:10)
  5 scorpions
  4 howler monkeys
  3 centaur zombies
  3 crimson imps
  A quasit (D:9)
  12 orc priests
  2 bullfrog skeletons (D:10)
  3 jellies
  3 hounds
  A centaur skeleton (D:8)
  An iguana (D:10)
  13 orc wizards
  10 worker ants
  A hound skeleton (D:7)
  A howler monkey zombie (D:7)
  A worker ant zombie (D:9)
  Robin (D:3)
  3 gnolls (D:10)
  A howler monkey skeleton (D:9)
  8 adders
  An adder zombie (D:5)
  An adder skeleton (D:4)
  2 worms
  A dart slug (D:1)
  5 leopard geckos
  49 orcs
  7 bats
  8 giant cockroaches
  19 goblins
  15 hobgoblins
  11 jackals
  A quokka (D:10)
  3 ball pythons
  8 frilled lizards
  2 jackal zombies (D:5)
  9 kobolds
  A leopard gecko skeleton (D:5)
  7 rats
267 creatures vanquished.

Vanquished Creatures (collateral kills)
  A yak (D:10)
  An orc (D:11)
2 creatures vanquished.

Vanquished Creatures (others)
  A wight (D:11)
  An orc wizard (D:9)
  A sky beast zombie (D:10)
  An ogre zombie (D:10)
  An orc zombie (D:11)
  An iguana zombie (D:10)
  A kobold (D:7)
7 creatures vanquished.

Grand Total: 276 creatures vanquished

Notes
Turn   | Place    | Note
-------+----------+-------------------------------------------
     0 | D:1      | Theaset the Octopode Fighter began the quest for the Orb.
     0 | D:1      | Reached XP level 1. HP: 16/16 MP: 1/1
   102 | D:1      | Reached XP level 2. HP: 21/21 MP: 2/2
   479 | D:1      | Reached XP level 3. HP: 26/26 MP: 3/3
  1278 | D:2      | Reached XP level 4. HP: 31/31 MP: 4/4
  1458 | D:2      | Reached skill level 3 in Polearms
  2281 | D:3      | Reached XP level 5. HP: 35/36 MP: 5/5
  2346 | D:3      | Noticed Robin
  2365 | D:3      | Killed Robin
  2450 | D:3      | Found a sparkling altar of Nemelex Xobeh.
  2466 | D:3      | Reached skill level 4 in Polearms
  2601 | D:3      | Found a stormy altar of Qazlal.
  2601 | D:3      | Found a deep blue altar of Sif Muna.
  3004 | D:4      | Reached XP level 6. HP: 42/42 MP: 6/6
  3303 | D:4      | Reached skill level 5 in Polearms
  3307 | D:4      | Found a sacrificial altar of Ru.
  3311 | D:4      | Found a shimmering altar of Xom.
  3316 | D:4      | Found a shattered altar of Ashenzari.
  3359 | D:5      | Entered Level 5 of the Dungeon
  3359 | D:5      | Noticed an ice beast
  3375 | D:5      | Killed an ice beast
  3672 | D:5      | Found a staircase to the Ecumenical Temple.
  3695 | D:5      | Reached XP level 7. HP: 31/47 MP: 7/7
  3712 | Temple   | Entered the Ecumenical Temple
  3939 | Temple   | Became a worshipper of Yredelemnul the Dark
  3982 | D:5      | Noticed Eustachio
  4238 | D:5      | Reached skill level 6 in Polearms
  4255 | D:5      | Killed Eustachio
  4776 | D:5      | Found an opulent altar of Gozag.
  4887 | D:5      | Reached * piety under Yredelemnul
  5226 | D:6      | Reached skill level 7 in Polearms
  5226 | D:6      | Reached XP level 8. HP: 54/54 MP: 8/8
  5456 | D:6      | Noticed Sigmund
  5467 | D:6      | Killed Sigmund
  5467 | D:6      | Reached skill level 8 in Polearms
  5471 | D:6      | Reached skill level 5 in Shields
  5471 | D:6      | Reached skill level 1 in Invocations
  5991 | D:7      | Reached XP level 9. HP: 35/59 MP: 10/10
  6275 | D:7      | Reached skill level 9 in Polearms
  6710 | D:7      | Noticed Menkaure
  6725 | D:7      | Killed Menkaure
  6725 | D:7      | Reached skill level 5 in Dodging
  6805 | D:7      | Reached ** piety under Yredelemnul
  6990 | D:7      | Reached skill level 5 in Fighting
  6991 | D:7      | Reached skill level 10 in Polearms
  7921 | D:8      | HP: 1/61 [ogre/giant spiked club (22)]
  8312 | D:8      | Gained mutation: Your spells are a little easier to cast, but a little less powerful. [potion of mutation]
  8312 | D:8      | Gained mutation: Your flesh is heat resistant. (rF+) [potion of mutation]
  8312 | D:8      | Gained mutation: You are resistant to hostile enchantments. (MR+) [potion of mutation]
  8740 | D:9      | Reached XP level 10. HP: 50/66 MP: 12/12
  9235 | D:9      | Reached skill level 11 in Polearms
  9336 | D:9      | Reached *** piety under Yredelemnul
  9778 | D:9      | Found a staircase to the Orcish Mines.
  9794 | Orc:1    | Entered Level 1 of the Orcish Mines
  9794 | Orc:1    | Noticed an orc high priest
  9794 | Orc:1    | Noticed a two-headed ogre
  9820 | D:10     | Entered Level 10 of the Dungeon
  9820 | D:10     | Found Zoitz's Gadget Boutique.
 10893 | D:11     | Noticed a manticore
 10934 | D:10     | Reached XP level 11. HP: 28/72 MP: 14/14
 10934 | D:10     | Received a gift from Yredelemnul (a wight)
 11341 | D:10     | HP: 3/72 [troll (15)]
 11341 | D:10     | Slain by a troll

Vault maps used:
D:1:      matt_arrival_refuge, hangedman_decor_growths, roderic_bali_sauvastika,
          kennysheep_minor_cross
D:3:      cheibrodos_greedy_goblins, gammafunk_temple_overflow_pools,
          nemelex_xobeh_ov_fountains_minmay, minmay_crystal_room, uniq_robin
D:4:      minmay_overflow_temple_star_quad, first_bread,
          kennysheep_generic_room_6
D:5:      minmay_temple_entry_glass, lemuel_tele_altar, uniq_eustachio
D:6:      uniq_sigmund
D:7:      uniq_menkaure
D:9:      david_orc_4, hangedman_pestilent_swarm,
          eino_small_chamber_without_monster
D:10:     serial_shops, nicolae_shop_crystal
D:11:     david_lair_shrubbed
Temple:   regret_index_temple_generic_petals
Orc:1:    uniq_snorg

Skill      XL: |  1  2  3  4  5  6  7  8  9 10 |
---------------+-------------------------------+-----
Polearms       | 3 4 5 7 8 10 11 | 11.8
Shields        | 4 5 6 7 |  7.8
Fighting       | 4 5 |  5.9
Dodging        | 4 5 6 |  6.2
Invocations    | 2 3 4 |  4.8
Evocations     | |  0.2

Action                   |  1- 3 |  4- 6 |  7- 9 | 10-12 || total
-------------------------+-------+-------+-------+-------++-------
Melee: Trident           |    86 |   160 |   375 |   298 ||   919
       Constrict         |    17 |    33 |    69 |    38 ||   157
       Tentacles         |    13 |    26 |    86 |    59 ||   184
Invok: Animate Dead      |       |       |       |     3 ||     3
       Recall Undead Sla |       |       |       |     1 ||     1
Evoke: Wand              |       |       |     1 |     3 ||     4
  Use: Potion            |       |     2 |     6 |     1 ||     9
       Scroll            |       |       |    24 |     4 ||    28
 Stab: Sleeping          |    11 |    15 |     3 |    10 ||    39
       Distracted        |       |     1 |     3 |     1 ||     5
  Eat: Chunk             |       |     8 |     6 |       ||    14
       Bread ration      |       |       |     2 |       ||     2
       Meat ration       |       |       |     1 |     2 ||     3
Armor: Skin              |     4 |     1 |     5 |    14 ||    24
Dodge: Dodged            |    22 |    30 |    90 |    53 ||   195
Block: Shield            |    23 |    56 |   202 |   194 ||   475
       Reflection        |       |       |     4 |     5 ||     9
